 Dungeon Crawl Stone Soup version 0.28.0-43-g3370ac3207 (console) character file.

Game seed: 1913517513109696499

1869 Zeor the Cleaver (level 8, -6/64 (65) HPs)
             Began as a Palentonga Fighter on Mar 21, 2022.
             Was a Priest of Zin.
             Mangled by a hell rat (13 damage)
             ... on level 5 of the Dungeon.
             The game lasted 00:19:55 (5704 turns).

Zeor the Cleaver (Palentonga Fighter)               Turns: 5704, Time: 00:19:55

HP:   -6/64 (65)    AC: 16    Str: 23    XL:     8   Next: 90%
MP:   8/10          EV:  7    Int: 10    God:    Zin [***...]
Gold: 241           SH:  8    Dex: 10    Spells: 7/7 levels left

rFire   . . .      SeeInvis +   a - +1 war axe
rCold   . . .      Faith    .   v - +0 kite shield
rNeg    . . .      Spirit   .   b - +0 scale mail
rPois   ∞          Reflect  .   u - +0 helmet
rElec   .          Harm     +   e - scarf {harm}
rCorr   .          Rampage  .   m - +0 pair of gloves
Will    .....                   (no barding)
Stlth   ..........              (no amulet)
HPRegen 0.20/turn               (no ring)
MPRegen 0.12/turn               (no ring)

@: vitalised, lightly drained, curled up
A: large, rugged brown scales 3, see invisible, deformed body, roll 1, armoured
tail, reflexive curl
a: Rolling Charge, Renounce Religion, Recite, Vitalisation, Imprison, Donate
Gold


You were on level 5 of the Dungeon.
You worshipped Zin.
Zin was most pleased with you.
You visited 2 branches of the dungeon, and saw 6 of its levels.

You collected 319 gold pieces.
You spent 52 gold pieces at shops.
You donated 26 gold pieces to Zin.

Inventory:

Hand Weapons
 a - a +1 war axe (weapon)
 d - a +0 longbow
Missiles
 f - 55 arrows
 i - 19 bolts
 r - 7 poisoned darts
Armour
 b - a +0 scale mail (worn)
 e - a scarf of harm (worn)
 m - a +0 pair of gloves (worn)
 u - a +0 helmet (worn)
 v - a +0 kite shield (worn)
Jewellery
 g - an amulet of faith
 q - a ring of protection from fire
Wands
 k - a wand of paralysis (3)
 l - a wand of mindburst (12)
 t - a wand of flame (6)
Scrolls
 o - a scroll of fear
 p - a scroll of fog
Potions
 c - a potion of cancellation
 j - 2 potions of flight
 n - a potion of brilliance
 s - a potion of ambrosia


   Skills:
 + Level 4.7 Fighting
 * Level 8.9 Axes
 + Level 4.2 Armour
 + Level 2.2 Dodging
 + Level 0.7 Stealth
 + Level 3.2 Shields
 * Level 2.9 Invocations


You had 7 spell levels left.
You didn't know any spells.
Your spell library contained the following spells:

 Spells                   Type           Power      Damage    Failure   Level
 Sublimation of Blood     Necr           0%         N/A       98%         2
 Petrify                  Tmut/Erth      0%         N/A       100%        4
 Irradiate                Conj/Tmut      0%         3d14      100%        5


Dungeon Overview and Level Annotations

Branches:
Dungeon (5/15)             Temple (1/1) D:5

Altars:
Elyvilon
Fedhas
Gozag
Hepliaklqana
Kikubaaqudgha
Makhleb
Nemelex Xobeh
Qazlal
Ru
Sif Muna
Uskayaw
Vehumet
Xom
Yredelemnul
Zin

Shops:
D:2 ?


Innate Abilities, Weirdness & Mutations

You are completely covered in rugged brown scales. (AC +3, +7% HP)
You have supernaturally acute eyesight. (SInv)
Armour fits poorly on your strangely shaped body.
You can roll at nearby foes to attack.
You have a long armoured tail.
You curl defensively after being hit. (AC +7*)


Message History

The hell rat barely misses the river rat.
The river rat twitches its whiskers.
You see here a river rat corpse.
The hell rat closely misses the river rat.
You feel much better. The river rat bites you.
You are too injured to fight recklessly!
You are too injured to fight recklessly!
You slash the river rat!
You kill the river rat!
The hell rat misses the river rat.
The hell rat bites itself!
You closely miss the river rat. You tail-slap the river rat!
The river rat is almost dead.
You block the river rat's attack.
You slash the river rat!
You kill the river rat!
The hell rat bites the river rat.
A river rat comes into view.
The hell rat seems less confused.
The hell rat bites you.
Things that are here:
a river rat corpse; a river rat corpse; a river rat corpse There's nothing you can charge at!
You slash the hell rat!
You kill the hell rat!
Zin accepts your kill. The hell rat bites you!
* * * LOW HITPOINT WARNING * * *
You hit the hell rat.
You kill the hell rat!
Zin accepts your kill. The hell rat bites you!
* * * LOW HITPOINT WARNING * * *
You feel drained.
* * * LOW HITPOINT WARNING * * *
Zin grants you divine stamina. You block the hell rat's attack.
You feel better.
You are ready to recite again.
A hell rat comes into view.
The hell rat bites you!
You die...

▒▒▒∙∙∙∙∙∙▒ ▒∙∙∙∙∙∙▒
▒▒▒▒▒ ▒^∙∙∙∙∙▒ ▒▒∙▒∙▒
▒∙∙∙∙∙∙▒ ▒∙▒∙▒▒
▒▒▒▒▒▒▒∙∙∙∙∙∙▒ ▒▒∙▒▒∙▒▒
▒∙∙∙∙∙∙∙∙∙∙∙∙▒ ▒▒∙▒▒▒▒†▒
∙∙∙▒▒▒∙∙∙▒▒▒▒▒ ▒▒∙▒▒
▒∙▒▒ ▒∙ ▒∙⌠∙▒ ▒∙▒▒ ▒▒H▒
▒∙▒▒▒▒∙∙∙▒▒▒▒ ▒▒∙▒ ▒▒r▒
▒∙▒∙∙∙!∙∙∙∙∙▒ ▒∙▒▒ ▒rr▒
▒∙∙∙⌠∙∙>∙∙⌠∙▒▒ ▒▒∙▒ ▒∙r▒
▒▒∙∙∙∙∙∙∙∙∙∙∙▒ ▒∙▒▒ ▒†∙▒
▒∙▒▒▒∙∙∙▒▒▒∙∙ ▒∙▒ ▒∙r▒∙▒
▒∙▒ ▒∙⌠∙▒ ▒▒▒
▒∙▒▒∙∙∙∙▒∙∙▒▒▒▒∙▒▒▒∙)∙▒▒
▒ ▒▒∙▒▒∙r∙
∙▒▒▒∙∙∙∙∙∙∙∙∙∙▒ ▒
▒∙▒▒▒∙▒ ▒∙ ▒▒∙▒▒▒∙▒∙∙∙∙▒
▒


You could see 2 hell rats and 3 river rats.

Vanquished Creatures
  Grinder (D:5)
  Sigmund (D:2)
  Edmund (D:5)
  An ogre (D:5)
  A centaur (D:5)
  A phantom (D:4)
  2 scorpions (D:5)
  A water moccasin zombie (D:5)
  3 killer bees (D:4)
  2 bullfrog zombies (D:5)
  A jelly (D:4)
  2 centaur zombies (D:5)
  A hound (D:5)
  3 orc priests
  2 bullfrog skeletons
  Ijyb (D:3)
  Jessica (D:3)
  An iguana (D:4)
  2 orc wizards
  4 hell rats (D:5)
  A hound skeleton (D:4)
  2 howler monkey skeletons
  A howler monkey zombie (D:5)
  6 adders
  13 river rats (D:5)
  2 adder skeletons (D:4)
  3 worms
  2 dart slugs
  14 orcs
  12 ball pythons
  2 bat zombies (D:4)
  2 endoplasms
  4 giant cockroaches
  10 goblins
  7 hobgoblins
  3 jackals (D:2)
  6 quokkas
  2 bats
  2 frilled lizards
  13 kobolds
  5 rats
  A rat zombie (D:4)
145 creatures vanquished.

Notes
Turn   | Place    | Note
-------+----------+-------------------------------------------
     0 | D:1      | Zeor the Palentonga Fighter began the quest for the Orb.
     0 | D:1      | Reached XP level 1. HP: 19/19 MP: 1/1
    69 | D:1      | Reached XP level 2. HP: 21/25 MP: 2/2
   572 | D:1      | Reached XP level 3. HP: 31/31 MP: 3/3
   853 | D:2      | Noticed Sigmund
   861 | D:2      | Reached skill level 3 in Axes
   862 | D:2      | Killed Sigmund
   863 | D:2      | Reached skill level 4 in Axes
   863 | D:2      | Reached XP level 4. HP: 13/38 MP: 4/4
   863 | D:2      | Reached XP level 5. HP: 15/43 MP: 5/5
  1071 | D:2      | Found Usimul's Magic Scroll Shoppe.
  1113 | D:2      | Bought a scroll of identify for 26 gold pieces
  1114 | D:2      | Bought a scroll of identify for 26 gold pieces
  1532 | D:2      | Reached skill level 5 in Axes
  1729 | D:3      | Noticed Jessica
  1735 | D:3      | Killed Jessica
  1824 | D:3      | Reached XP level 6. HP: 41/51 MP: 6/6
  2214 | D:3      | Noticed Ijyb
  2221 | D:3      | Killed Ijyb
  2362 | D:3      | Found a shimmering blue altar of Sif Muna.
  2421 | D:3      | Found a faded altar of an unknown god.
  2816 | D:4      | Reached skill level 6 in Axes
  2983 | D:4      | Found a glowing silver altar of Zin.
  2983 | D:4      | Found an opulent altar of Gozag.
  2998 | D:4      | Became a worshipper of Zin the Law-Giver
  2998 | D:4      | Reached * piety under Zin
  3074 | D:4      | Gained mutation: You curl defensively after being hit. (AC
                  | +7*) [Palentonga growth]
  3074 | D:4      | Reached XP level 7. HP: 7/57 MP: 7/7
  3363 | D:4      | Reached ** piety under Zin
  3759 | D:4      | Reached skill level 1 in Invocations
  3762 | D:4      | Reached skill level 1 in Dodging
  4062 | D:4      | Found an ancient bone altar of Kikubaaqudgha.
  4284 | D:5      | Entered Level 5 of the Dungeon
  4295 | D:5      | Reached skill level 7 in Axes
  4538 | D:5      | Found a basalt altar of Yredelemnul.
  4549 | D:5      | Reached XP level 8. HP: 55/64 MP: 9/9
  4827 | D:5      | Noticed Edmund
  4837 | D:5      | Killed Edmund
  5018 | D:5      | Noticed Grinder
  5018 | D:5      | Paralysed by Grinder for 7 turns
  5030 | D:5      | Killed Grinder
  5031 | D:5      | Reached skill level 8 in Axes
  5250 | D:5      | Found a hide-covered altar of Uskayaw.
  5307 | D:5      | Found a staircase to the Ecumenical Temple.
  5351 | Temple   | Entered the Ecumenical Temple
  5528 | D:5      | Reached *** piety under Zin
  5702 | D:5      | HP: 2/63 [hell rat (4)]
  5704 | D:5      | Mangled by a hell rat

Illustrated notes

Levels and vault maps discovered:
D:1:      onia_arrival_pentagram, layout_loops_ring,
          chequers_serial_rivers_room_b
D:2:      layout_basic, serial_shops, shop, minivault_14,
          kennysheep_generic_room_16, uniq_sigmund
D:3:      layout_loops_ring, marbit_many_paths,
          dilly_ecumenical_altar_fadedgnrine, chequers_serial_rivers_large_a,
          uniq_jessica, uniq_ijyb
D:4:      layout_rooms, grunt_temple_overflow_gold_and_silver,
          lemuel_zombie_altar_kikubaaqudgha, grunt_decor_resistance,
          nicolae_zen_rock_garden, minivault_25, minmay_misc_feat_hallway,
          amcnicky_mini_corridor_feature, minmay_fractal_squares_diagonal_5
D:5:      wander_guarded_unrand_ratskin, layout_basic, old_standard_altar,
          nicolae_yredelemnul_corpse_copse, minmay_temple_entry_junction,
          uniq_edmund, uniq_grinder
Temple:   jpeg_temple_island

Skill      XL: |  1  2  3  4  5  6  7  8 |
---------------+-------------------------+-----
Axes           | 4 5 6 7 8 |  8.9
Armour         | 3 4 |  4.2
Fighting       | 4 |  4.7
Invocations    | 1 2 |  2.9
Dodging        | 1 2 |  2.2
Shields        | 3 |  3.2
Stealth        | |  0.7

Action                   |  1- 3 |  4- 6 |  7- 9 || total
-------------------------+-------+-------+-------++-------
Melee: War axe           |    64 |   116 |   156 ||   336
       Tailslap          |     5 |    10 |    19 ||    34
Invok: Recite            |       |     1 |     3 ||     4
       Vitalisation      |       |       |     2 ||     2
 Abil: Rolling Charge    |    18 |    29 |    20 ||    67
  Use: Scroll            |     1 |     8 |     5 ||    14
       Potion            |     1 |       |     3 ||     4
Armor: Scale mail        |    21 |    50 |    81 ||   152
Dodge: Dodged            |    21 |    39 |    57 ||   117
Block: Buckler           |     8 |    22 |     9 ||    39
       Kite shield       |       |       |    45 ||    45
